 Dungeon Crawl Stone Soup version 0.31-a0-152-g6aa68a64a1 (webtiles) character file.

Game seed: 672556679791726442

558 qw the Shooter (level 7, -1/64 HPs)
             Began as a Naga Hunter on June 9, 2023.
             Slain by an iron imp (7 damage)
             ... summoned by Eustachio
             ... on level 4 of the Dungeon.
             The game lasted 00:01:19 (2670 turns).

qw the Shooter (Naga Hunter)                        Turns: 2670, Time: 00:01:20

Health: -1/64      AC:  4    Str: 14      XL:     7   Next: 31%
Magic:  7/7        EV: 15    Int:  7 (9)  God:
Gold:   151        SH:  0    Dex: 16      Spells: 6/6 levels left

rFire   . . .        Y - +1 shortbow (flame)
rCold   . . .        (shield currently unavailable)
rNeg    . . .        c - +0 leather armour
rPois   +            o - +0 helmet
rElec   .            (no cloak)
rCorr   .            (no gloves)
SInv    +            (no barding)
Will    .....        (no amulet)
Stlth   ++           a - +5 ring of evasion
HPRegen 0.30/turn    n - +4 ring of slaying {mikee}
MPRegen 0.10/turn

%: no passive effects
@: very slow
A: AC +2, large, see invisible, deformed body, poison resistance, slowness 2,
spit poison 1, naga tail 1
a: Spit Poison


You were on level 4 of the Dungeon.
You visited 1 branch of the dungeon, and saw 4 of its levels.

You collected 216 gold pieces.
You spent 65 gold pieces at shops.


Innate Abilities, Weirdness & Mutations

Your serpentine skin is tough. (AC +2)
You have supernaturally acute eyesight. (SInv)
Armour fits poorly on your strangely shaped body.
Your system is resistant to poisons. (rPois)
You cover ground very slowly.
You can spit poison.
You have a snake-like lower body.


   Skills:
 - Level 4.1 Fighting
 - Level 7.0 Ranged Weapons
 + Level 1.9 Dodging
 - Level 1.5 Stealth


You had 6 spell levels left.
You didn't know any spells.
Your spell library was empty.

Inventory:

Hand Weapons
 Y - a +1 shortbow of flaming (weapon)
Armour
 c - a +0 leather armour (worn)
 o - a +0 helmet (worn)
Jewellery
 a - a +5 ring of evasion (left hand)
 n - a +4 ring of slaying (right hand) {mikee}
Scrolls
 h - a scroll of identify
Potions
 d - a potion of cancellation {unknown}
 e - a potion of ambrosia {unknown}
 f - a potion of might
 g - a potion of enlightenment {unknown}
 l - a potion of berserk rage {unknown}
 q - a potion of curing

Dungeon Overview and Level Annotations

Branches:
Dungeon (4/15)
 Temple: D:4-7

Altars:
Ru
Wu Jian

Shops:
D:2 (   D:3 *

Annotations:
D:4 Eustachio


Message History

Eustachio casts a spell.
The river rat bites you.
2664 ||| INVOKING Spit Poison.
Aiming: Spit Poison (1% risk of failure)
Press: ? - help, Shift-Dir - straight line, f/p - Eustachio The splash of poison misses Eustachio.
The splash of poison hits the iron imp.
The iron imp is lightly wounded.
The orc hits you with a +0 dagger. The goblin misses you.
Eustachio barely misses you. The river rat closely misses you.
You shoot an arrow. The arrow hits Eustachio!
The arrow burns Eustachio.
Eustachio is moderately wounded.
The goblin hits you with a +0 dagger. The orc misses you.
Eustachio hits you with a +0 falchion. The river rat bites you.
You shoot an arrow. The arrow hits Eustachio!
The arrow burns Eustachio.
Eustachio is severely wounded.
The goblin hits you but does no damage. The orc closely misses you.
Eustachio casts a spell.
Eustachio blinks!
The river rat closely misses you.
You shoot an arrow. The arrow hits the river rat!
The arrow burns the river rat.
You kill the river rat!
The river rat's corpse disappears in a puff of smoke!
The bat misses you. The orc misses you. The goblin closely misses you.
The orc barely misses you. The goblin misses you.
You shoot an arrow. The arrow hits the iron imp.
The iron imp is moderately wounded.
The bat closely misses you. The bat hits you but does no damage.
The bat completely misses you. The orc closely misses you.
The goblin barely misses you.
Eustachio casts a spell.
You shoot an arrow.
The arrow hits the iron imp but does no damage.
The iron imp is moderately wounded.
The bat misses you. x2; The bat barely misses you.
The iron imp misses you. The orc hits you with a +0 dagger.
The goblin barely misses you.
You shoot an arrow.
The arrow hits the iron imp but does no damage.
The iron imp is moderately wounded.
You have got your breath back.
The bat hits you.
The bat misses you. x2; The iron imp hits you!
You die...

.## #......#. ...#
#........#
#..##.....#..#
#..#.....#..##
#...#.###...# ###
###...#.#.#.# .<
####.[.#.#.#.#.# .#
.........#.#.#.##)#
..............rg@b#
...%.:.........o)5......
................b..#.#.#
...................%....
......[..#....r@...#.#..
###.#...##.............#
#.#..###..%........###
...... ............#


You could see Eustachio, an iron imp (summoned), 2 river rats, an orc, a goblin
and 2 bats.

Vanquished Creatures
  A black bear (D:4)
  A scorpion (D:4)
  A howler monkey (D:4)
  2 orc priests (D:3)
  2 iguanas (D:4)
  3 orc wizards
  Natasha (D:4)
  7 adders
  2 worms
  3 dart slugs
  8 orcs
  6 ball pythons
  3 endoplasms
  6 giant cockroaches
  4 goblins
  6 hobgoblins
  4 jackals (D:2)
  7 kobolds
  6 quokkas
  8 bats
  7 frilled lizards
  4 rats
92 creatures vanquished.

Notes
Turn   | Place    | Note
-------+----------+-------------------------------------------
     0 | D:1      | qw the Naga Hunter began the quest for the Orb.
     0 | D:1      | Reached XP level 1. HP: 19/19 MP: 1/1
     0 | D:1      | 0 ||| qw: Version: 0.2-a-122-gbc61b45
     0 | D:1      | 0 ||| qw: Game counter: 3426
     0 | D:1      | 0 ||| qw: Always use a shield: true
     0 | D:1      | 0 ||| qw: God list: Okawaru
     0 | D:1      | 0 ||| qw: Allow faded altars: false
     0 | D:1      | 0 ||| qw: Do Orc after D:15 true
     0 | D:1      | 0 ||| qw: Do second Lair branch before Depths: true
     0 | D:1      | 0 ||| qw: Lair rune preference: random
     0 | D:1      | 0 ||| qw: Plans: Normal
     0 | D:1      | 0 ||| PLANNING D:1-11
    36 | D:1      | 36 ||| INVOKING Spit Poison.
    39 | D:1      | 39 ||| INVOKING Spit Poison.
    66 | D:1      | You fall into a shaft and drop 1 floor!
    85 | D:2      | 85 ||| INVOKING Spit Poison.
   129 | D:2      | 129 ||| INVOKING Spit Poison.
   131 | D:2      | 131 ||| INVOKING Spit Poison.
   134 | D:2      | 134 ||| INVOKING Spit Poison.
   140 | D:2      | 140 ||| INVOKING Spit Poison.
   142 | D:2      | HP: 1/19 [worm (9)]
   145 | D:2      | Reached skill level 4 in Ranged Weapons
   145 | D:2      | Reached XP level 2. HP: 2/26 MP: 2/2
   265 | D:2      | 265 ||| INVOKING Spit Poison.
   324 | D:2      | 324 ||| INVOKING Spit Poison.
   331 | D:2      | 331 ||| READING scroll labelled XUGICY HESI.
   332 | D:2      | 332 ||| DROPPING scroll of butterflies.
   342 | D:1      | 342 ||| INVOKING Spit Poison.
   345 | D:1      | Reached XP level 3. HP: 30/32 MP: 3/3
   348 | D:1      | 348 ||| INVOKING Spit Poison.
   353 | D:1      | 353 ||| INVOKING Spit Poison.
   396 | D:1      | 396 ||| INVOKING Spit Poison.
   448 | D:1      | 448 ||| INVOKING Spit Poison.
   497 | D:1      | 497 ||| INVOKING Spit Poison.
   501 | D:1      | 501 ||| INVOKING Spit Poison.
   592 | D:1      | 592 ||| INVOKING Spit Poison.
   680 | D:1      | 680 ||| INVOKING Spit Poison.
   688 | D:1      | 688 ||| INVOKING Spit Poison.
   801 | D:1      | 801 ||| INVOKING Spit Poison.
   811 | D:1      | 811 ||| UPGRADING to +5 ring of evasion.
   812 | D:1      | 812 ||| READING scroll labelled RUUGOP EPHIUFA.
   813 | D:1      | 813 ||| READING scroll labelled WUITAA JONKUKUO.
   817 | D:1      | 817 ||| READING scroll labelled RUZERGH ELLAE.
   833 | D:2      | Found Haklotzi's Weapon Shoppe.
   836 | D:2      | 836 ||| SHOPLISTING +2 shortbow of electrocution (253 gold,
                  | have 106).
   859 | D:2      | 859 ||| INVOKING Spit Poison.
   862 | D:2      | 862 ||| INVOKING Spit Poison.
   881 | D:2      | 881 ||| INVOKING Spit Poison.
   918 | D:2      | Reached skill level 5 in Ranged Weapons
   922 | D:2      | 922 ||| INVOKING Spit Poison.
   925 | D:2      | 925 ||| INVOKING Spit Poison.
   927 | D:2      | Reached XP level 4. HP: 37/39 MP: 4/4
   931 | D:2      | 931 ||| INVOKING Spit Poison.
  1001 | D:2      | 1001 ||| READING scroll labelled KEALYVI ZOPP.
  1002 | D:2      | 1002 ||| READING scroll labelled ATWIQOCKIO.
  1004 | D:2      | 1004 ||| INVOKING Spit Poison.
  1009 | D:2      | 1009 ||| INVOKING Spit Poison.
  1012 | D:2      | 1012 ||| INVOKING Spit Poison.
  1187 | D:2      | 1187 ||| INVOKING Spit Poison.
  1193 | D:2      | 1193 ||| INVOKING Spit Poison.
  1203 | D:2      | 1203 ||| INVOKING Spit Poison.
  1263 | D:2      | 1263 ||| READING scroll labelled TAELUI RONEOQOA.
  1264 | D:2      | 1264 ||| DRINKING 2 fizzy brown potions.
  1265 | D:2      | 1265 ||| DROPPING potion of attraction.
  1267 | D:2      | 1267 ||| INVOKING Spit Poison.
  1276 | D:2      | 1276 ||| INVOKING Spit Poison.
  1281 | D:2      | 1281 ||| INVOKING Spit Poison.
  1286 | D:2      | 1286 ||| INVOKING Spit Poison.
  1342 | D:2      | Found an ornate altar of the Wu Jian Council.
  1462 | D:3      | 1462 ||| INVOKING Spit Poison.
  1466 | D:3      | 1466 ||| INVOKING Spit Poison.
  1467 | D:3      | Reached skill level 3 in Fighting
  1475 | D:3      | 1475 ||| INVOKING Spit Poison.
  1493 | D:3      | Found a sacrificial altar of Ru.
  1509 | D:3      | 1509 ||| INVOKING Spit Poison.
  1510 | D:3      | 1510 ||| Stepping ~*~*~tactically~*~*~ (outnumbered).
  1511 | D:3      | 1511 ||| Stepping ~*~*~tactically~*~*~ (outnumbered).
  1515 | D:3      | 1515 ||| INVOKING Spit Poison.
  1518 | D:3      | 1518 ||| INVOKING Spit Poison.
  1521 | D:3      | 1521 ||| INVOKING Spit Poison.
  1525 | D:3      | Reached XP level 5. HP: 28/49 MP: 5/5
  1527 | D:3      | 1527 ||| INVOKING Spit Poison.
  1533 | D:3      | 1533 ||| INVOKING Spit Poison.
  1537 | D:3      | 1537 ||| INVOKING Spit Poison.
  1632 | D:3      | 1632 ||| INVOKING Spit Poison.
  1634 | D:3      | Reached skill level 6 in Ranged Weapons
  1645 | D:3      | 1645 ||| INVOKING Spit Poison.
  1683 | D:3      | 1683 ||| INVOKING Spit Poison.
  1822 | D:3      | 1822 ||| INVOKING Spit Poison.
  1879 | D:3      | 1879 ||| INVOKING Spit Poison.
  1885 | D:3      | Reached XP level 6. HP: 53/56 MP: 6/6
  1986 | D:3      | 1986 ||| INVOKING Spit Poison.
  1989 | D:3      | 1989 ||| INVOKING Spit Poison.
  1996 | D:3      | 1996 ||| INVOKING Spit Poison.
  1999 | D:3      | 1999 ||| INVOKING Spit Poison.
  2116 | D:3      | 2116 ||| INVOKING Spit Poison.
  2230 | D:3      | 2230 ||| INVOKING Spit Poison.
  2233 | D:3      | 2233 ||| INVOKING Spit Poison.
  2251 | D:3      | Found Urghuan's General Store.
  2255 | D:3      | 2255 ||| BUYING potion of curing (39 gold).
  2255 | D:3      | Bought a potion of curing for 39 gold pieces
  2255 | D:3      | 2255 ||| BUYING scroll of identify (26 gold).
  2255 | D:3      | Bought a scroll of identify for 26 gold pieces
  2265 | D:3      | 2265 ||| INVOKING Spit Poison.
  2282 | D:3      | 2282 ||| INVOKING Spit Poison.
  2287 | D:3      | 2287 ||| INVOKING Spit Poison.
  2293 | D:3      | 2293 ||| INVOKING Spit Poison.
  2328 | D:3      | 2328 ||| INVOKING Spit Poison.
  2332 | D:3      | 2332 ||| INVOKING Spit Poison.
  2337 | D:3      | 2337 ||| INVOKING Spit Poison.
  2386 | D:3      | 2386 ||| INVOKING Spit Poison.
  2391 | D:3      | 2391 ||| INVOKING Spit Poison.
  2447 | D:3      | 2447 ||| INVOKING Spit Poison.
  2537 | D:3      | 2537 ||| UPGRADING to +0 helmet.
  2542 | D:3      | 2542 ||| UPGRADING to +4 ring of slaying {mikee}.
  2543 | D:3      | 2543 ||| READING scroll labelled PASE JAITEA.
  2544 | D:3      | 2544 ||| READING scroll labelled LAIF QAARCHU.
  2545 | D:3      | 2545 ||| READING scroll labelled AVAG KAZONKA NUDEP.
  2546 | D:3      | 2546 ||| READING scroll labelled CUSHRYNN FIUKLE.
  2547 | D:3      | 2547 ||| DRINKING 2 lumpy golden potions.
  2548 | D:3      | 2548 ||| DRINKING 2 bubbling orange potions.
  2549 | D:3      | 2549 ||| READING 2 scrolls of identify.
  2549 | D:3      | 2549 ||| IDENTIFYING fuming orange potion
  2550 | D:3      | 2550 ||| DROPPING potion of brilliance.
  2551 | D:3      | 2551 ||| DROPPING potion of degeneration.
  2596 | D:4      | 2596 ||| INVOKING Spit Poison.
  2609 | D:4      | 2609 ||| INVOKING Spit Poison.
  2628 | D:4      | Noticed a black bear
  2629 | D:4      | Noticed Natasha
  2630 | D:4      | 2630 ||| INVOKING Spit Poison.
  2634 | D:4      | 2634 ||| INVOKING Spit Poison.
  2638 | D:4      | 2638 ||| INVOKING Spit Poison.
  2638 | D:4      | Killed a black bear
  2639 | D:4      | Reached XP level 7. HP: 48/64 MP: 7/7
  2644 | D:4      | 2644 ||| INVOKING Spit Poison.
  2648 | D:4      | Noticed Eustachio
  2650 | D:4      | Killed Natasha
  2651 | D:4      | Reached skill level 7 in Ranged Weapons
  2651 | D:4      | 2651 ||| INVOKING Spit Poison.
  2657 | D:4      | 2657 ||| INVOKING Spit Poison.
  2660 | D:4      | 2660 ||| INVOKING Spit Poison.
  2664 | D:4      | 2664 ||| INVOKING Spit Poison.
  2664 | D:4      | HP: 15/64 [orc/+0 dagger (2)]
  2669 | D:4      | HP: 6/64 [orc/+0 dagger (3)]
  2670 | D:4      | Slain by an iron imp

Levels and vault maps discovered:
D:1:      psy_arrival_fountain, layout_basic, chequers_arboretum, st_stairs_1
D:2:      layout_basic, serial_glass, glass_columns_b, glass_columns_b,
          glass_columns_b, glass_columns_a, glass_columns_a, glass_columns_c,
          glass_columns_a, glass_columns_a, glass_columns_c, glass_columns_b,
          glass_columns_a, glass_columns_a, glass_columns_a, glass_columns_c,
          basic_altar, serial_shops, nicolae_shop_real_fake_doors
D:3:      layout_loops_corners, mainiacjoe_overflow_catwalk, serial_shops, shop,
          minivault_25, serial_bayou_pond_b
D:4:      layout_rooms, fedhas_ov_isle_minmay, mainiacjoe_overflow_alcove_1,
          serial_glass, glass_columns_a, glass_columns_b, glass_columns_a,
          glass_columns_a, glass_columns_a, glass_columns_a, glass_columns_a,
          glass_columns_c, uniq_natasha, uniq_eustachio, uniq_pikel

Skill      XL: |  1  2  3  4  5  6  7 |
---------------+----------------------+-----
Ranged Weapons | 4 5 6 7 |  7.0
Fighting       | 3 4 |  4.1
Dodging        | |  1.9
Stealth        | |  1.5

Action                     |  1- 3 |  4- 6 |  7- 9 || total
---------------------------+-------+-------+-------++-------
   Fire: Shortbow          |    69 |   129 |    27 ||   225
Ability: Spit Poison       |    24 |    48 |     5 ||    77
    Use: Scroll            |     4 |     8 |       ||    12
         Potion            |       |     3 |       ||     3
 Armour: Leather armour    |    17 |     7 |    12 ||    36
  Dodge: Dodged            |    29 |    74 |    61 ||   164

Table legend:
 A = Non-vault XP
 B = Vault XP
 C = Vault XP percentage of total XP
 D = Non-vault monster count
 E = Vault monster count
 F = Vault count percentage of total count
                 A         B        C        D         E       F
            +---------+---------+-------+---------+---------+-------
      Total |     755 |      43 |   5.4 |      88 |       4 |   4.3
            +---------+---------+-------+---------+---------+-------
        D:1 |      31 |       6 |  16.2 |      20 |       2 |   9.1
        D:2 |      99 |       0 |   0.0 |      29 |       0 |   0.0
        D:3 |     238 |       4 |   1.7 |      27 |       1 |   3.6
        D:4 |     387 |      33 |   7.9 |      12 |       1 |   7.7
            +---------+---------+-------+---------+---------+-------
